[ AOE2 MATCH · #504875250 ]
UnrankedKoreans vs Aztecs
Player's team · WIN
Rival team · LOSS
[ REPLAY ANALYSIS · EXTRACTED FROM THE RECORDED GAME ]
Feudal
17:50
Castle
28:05
Imperial
—
| APM avg | 34.2 |
| APM peak | 78 |
| eAPM avg | 17.3 |
| Villagers / military | 56 / 11 |
Focus
⚔️ 27.2% · 🌾 72.8%
Archer ×11
Feudal
18:07
Castle
—
Imperial
—
| APM avg | 21.7 |
| APM peak | 78 |
| eAPM avg | 14.7 |
| Villagers / military | 59 / 0 |
Focus
⚔️ 21.5% · 🌾 78.5%
Match map
Initial resources + every placement click. Lines = walls · curves = elevation contours. ◆ gold · ⬟ stone · ● berries · ✦ relic · ◌ wall gap
Your base· ✓ Closed at 28:05 · 10t walls · no gate
ADominio's base· ✓ Closed at 12:00 · 1t walls · 2 gate(s)
Smoothed initial terrain · ◌ = detected wall gap · hover for details
Inputs per minute
— Post Nut Clarity - - ADominio
Build order — Post Nut Clarity
144 actions detected in the replay
| 0:00 | Queue | Villager (Male) |
| 0:00 | Queue | Villager (Male) |
| 0:02 | Build | House |
| 0:03 | Build | House |
| 0:23 | Queue | Villager (Male) |
| 0:23 | Queue | Villager (Male) |
| 0:39 | Research | Loom |
| 0:40 | Queue | Villager (Male) |
| 0:40 | Queue | Villager (Male) |
| 1:32 | Build | Palisade Wall |
| 1:37 | Build | Palisade Gate |
| 2:11 | Queue | Villager (Male) |
| 2:35 | Queue | Villager (Male) |
| 3:17 | Queue | Villager (Male) |
| 3:41 | Queue | Villager (Male) |
| 4:09 | Queue | Villager (Male) |
| 5:30 | Queue | Villager (Male) |
| 6:38 | Queue | Villager (Male) |
| 6:58 | Build | Palisade Gate |
| 7:17 | Queue | Villager (Male) |
| 7:29 | Build | Palisade Wall |
| 7:36 | Queue | Villager (Male) |
| 8:01 | Build | Palisade Wall |
| 8:11 | Build | Palisade Wall |
| 8:21 | Queue | Villager (Male) |
| 8:33 | Queue | Villager (Male) |
| 8:46 | Queue | Villager (Male) |
| 9:48 | Build | House |
| 9:54 | Build | House |
| 9:56 | Queue | Villager (Male) |
| 10:28 | Build | Lumber Camp |
| 10:41 | Build | House |
| 11:51 | Queue | Villager (Male) |
| 12:22 | Queue | Villager (Male) |
| 12:38 | Queue | Villager (Male) |
| 12:39 | Queue | Villager (Male) |
| 12:54 | Build | Mill |
| 13:34 | Build | Mill |
| 13:37 | Queue | Villager (Male) |
| 14:01 | Queue | Villager (Male) |
| 14:28 | Queue | Villager (Male) |
| 14:53 | Build | Lumber Camp |
| 15:00 | Build | Lumber Camp |
| 15:01 | Queue | Villager (Male) |
| 15:08 | Queue | Villager (Male) |
| 15:40 | Research | Feudal Age |
| 15:49 | Build | Barracks |
| 16:01 | Build | Mining Camp |
| 16:54 | Queue | Villager (Male) |
| 16:54 | Queue | Villager (Male) |
| 17:50 | Age | Feudal Age |
| 17:58 | Build | Archery Range |
| 18:00 | Build | Archery Range |
| 18:10 | Build | Blacksmith |
| 18:18 | Queue | Villager (Male) |
| 18:34 | Build | House |
| 18:35 | Build | House |
| 18:44 | Queue | Villager (Male) |
| 18:50 | Research | Fletching |
| 18:54 | Queue | Archer |
| 18:54 | Queue | Archer |
| 19:09 | Queue | Villager (Male) |
| 19:17 | Queue | Archer |
| 19:17 | Queue | Archer |
| 19:27 | Queue | Villager (Male) |
| 19:31 | Queue | Archer |
| 19:41 | Build | House |
| 19:42 | Build | House |
| 19:43 | Build | House |
| 19:57 | Queue | Villager (Male) |
| 20:16 | Queue | Villager (Male) |
| 20:20 | Build | House |
| 20:21 | Build | House |
| 20:22 | Build | House |
| 20:23 | Build | House |
| 20:26 | Build | Farm |
| 20:27 | Queue | Villager (Male) |
| 20:33 | Queue | Archer |
| 20:33 | Queue | Archer |
| 20:48 | Queue | Archer |
| 20:49 | Queue | Villager (Male) |
| 20:51 | Build | Farm |
| 21:03 | Queue | Villager (Male) |
| 21:33 | Queue | Villager (Male) |
| 21:35 | Build | Farm |
| 21:38 | Build | Farm |
| 21:39 | Queue | Villager (Male) |
| 22:05 | Queue | Villager (Male) |
| 22:06 | Build | Farm |
| 22:07 | Queue | Villager (Male) |
| 22:19 | Queue | Archer |
| 22:19 | Queue | Archer |
| 22:20 | Queue | Archer |
| 22:27 | Build | Farm |
| 22:30 | Build | Farm |
| 22:31 | Queue | Villager (Male) |
| 23:04 | Build | Farm |
| 23:07 | Build | Farm |
| 23:09 | Build | Farm |
| 23:13 | Build | Farm |
| 23:15 | Queue | Villager (Male) |
| 23:17 | Build | Farm |
| 23:20 | Build | Farm |
| 23:22 | Build | Farm |
| 23:26 | Build | Farm |
| 23:37 | Build | Watch Tower |
| 23:53 | Build | Farm |
| 24:01 | Build | Market |
| 24:22 | Build | Farm |
| 24:49 | Build | Farm |
| 24:54 | Queue | Villager (Male) |
| 24:59 | Build | Farm |
| 25:25 | Research | Castle Age |
| 26:03 | Build | House |
| 26:04 | Build | House |
| 26:27 | Build | Mining Camp |
| 26:37 | Build | Watch Tower |
| 26:43 | Research | Wheelbarrow |
| 26:47 | Research | Double-Bit Axe |
| 26:50 | Research | Stone Mining |
| 26:53 | Research | Horse Collar |
| 27:01 | Research | Gold Mining |
| 27:26 | Build | House |
| 27:51 | Build | Watch Tower |
| 28:05 | Age | Castle Age |
| 28:31 | Research | Bodkin Arrow |
| 28:35 | Build | University |
| 28:40 | Queue | Villager (Male) |
| 28:41 | Queue | Villager (Male) |
| 29:00 | Queue | Villager (Male) |
| 29:03 | Research | Bow Saw |
| 29:07 | Research | Murder Holes |
| 29:30 | Queue | Villager (Male) |
| 30:20 | Queue | Villager (Male) |
| 30:25 | Research | Masonry |
| 30:34 | Queue | Villager (Male) |
| 30:57 | Build | Farm |
| 31:01 | Queue | Villager (Male) |
| 31:31 | Queue | Villager (Male) |
| 31:53 | Queue | Villager (Male) |
| 32:18 | Research | Stone Shaft Mining |
| 32:29 | Queue | Villager (Male) |
| 32:32 | Research | Treadmill Crane |
| 32:57 | Build | Castle |
Build order — ADominio
105 actions detected in the replay
| 0:01 | Queue | Villager (Male) |
| 0:01 | Queue | Villager (Male) |
| 0:03 | Build | House |
| 0:06 | Build | House |
| 0:10 | Research | Loom |
| 0:13 | Queue | Villager (Male) |
| 0:37 | Queue | Villager (Male) |
| 0:37 | Queue | Villager (Male) |
| 0:37 | Queue | Villager (Male) |
| 0:37 | Queue | Villager (Male) |
| 1:32 | Build | Palisade Gate |
| 1:40 | Build | House |
| 2:10 | Queue | Villager (Male) |
| 2:10 | Queue | Villager (Male) |
| 3:42 | Queue | Villager (Male) |
| 3:42 | Queue | Villager (Male) |
| 4:44 | Build | Palisade Wall |
| 5:07 | Build | Lumber Camp |
| 5:13 | Queue | Villager (Male) |
| 5:13 | Queue | Villager (Male) |
| 6:41 | Queue | Villager (Male) |
| 6:41 | Queue | Villager (Male) |
| 7:06 | Build | Palisade Gate |
| 7:28 | Queue | Villager (Male) |
| 7:28 | Queue | Villager (Male) |
| 8:34 | Queue | Villager (Male) |
| 9:48 | Queue | Villager (Male) |
| 9:48 | Queue | Villager (Male) |
| 10:05 | Queue | Villager (Male) |
| 10:36 | Queue | Villager (Male) |
| 10:53 | Queue | Villager (Male) |
| 11:11 | Build | House |
| 11:42 | Queue | Villager (Male) |
| 12:11 | Queue | Villager (Male) |
| 12:34 | Queue | Villager (Male) |
| 12:52 | Build | Mill |
| 13:17 | Queue | Villager (Male) |
| 13:28 | Build | House |
| 13:30 | Build | House |
| 13:55 | Queue | Villager (Male) |
| 14:36 | Queue | Villager (Male) |
| 14:54 | Queue | Villager (Male) |
| 15:26 | Build | Mill |
| 15:57 | Research | Feudal Age |
| 16:34 | Build | Lumber Camp |
| 17:49 | Build | Mining Camp |
| 18:06 | Queue | Villager (Male) |
| 18:07 | Age | Feudal Age |
| 18:16 | Research | Double-Bit Axe |
| 18:26 | Queue | Villager (Male) |
| 18:38 | Build | House |
| 18:43 | Build | House |
| 18:48 | Queue | Villager (Male) |
| 19:06 | Queue | Villager (Male) |
| 19:24 | Build | Lumber Camp |
| 19:40 | Queue | Villager (Male) |
| 19:52 | Queue | Villager (Male) |
| 20:10 | Build | Market |
| 20:15 | Queue | Villager (Male) |
| 20:36 | Build | Mining Camp |
| 20:42 | Build | Mining Camp |
| 20:44 | Queue | Villager (Male) |
| 21:24 | Build | Watch Tower |
| 21:27 | Queue | Villager (Male) |
| 21:59 | Research | Town Watch |
| 22:24 | Build | Watch Tower |
| 23:07 | Build | Blacksmith |
| 23:25 | Build | Farm |
| 23:28 | Build | Farm |
| 23:30 | Build | Farm |
| 23:32 | Build | Farm |
| 23:36 | Build | Farm |
| 23:40 | Queue | Villager (Male) |
| 24:03 | Build | Watch Tower |
| 24:52 | Queue | Villager (Male) |
| 24:52 | Queue | Villager (Male) |
| 25:24 | Build | Farm |
| 25:56 | Research | Fletching |
| 25:56 | Research | Fletching |
| 26:24 | Build | Lumber Camp |
| 26:34 | Queue | Villager (Male) |
| 27:00 | Queue | Villager (Male) |
| 27:00 | Queue | Villager (Male) |
| 27:01 | Queue | Villager (Male) |
| 27:01 | Queue | Villager (Male) |
| 27:25 | Build | Watch Tower |
| 28:09 | Queue | Villager (Male) |
| 28:10 | Queue | Villager (Male) |
| 28:49 | Queue | Villager (Male) |
| 28:49 | Queue | Villager (Male) |
| 28:49 | Queue | Villager (Male) |
| 29:26 | Build | Palisade Wall |
| 29:27 | Build | Palisade Wall |
| 29:29 | Build | Palisade Wall |
| 29:36 | Queue | Villager (Male) |
| 29:37 | Queue | Villager (Male) |
| 29:37 | Queue | Villager (Male) |
| 30:36 | Queue | Villager (Male) |
| 30:47 | Build | Farm |
| 31:12 | Build | Farm |
| 31:32 | Queue | Villager (Male) |
| 32:02 | Queue | Villager (Male) |
| 32:08 | Build | Farm |
| 32:27 | Queue | Villager (Male) |
| 32:50 | Build | Mining Camp |
Match timeline
| 1:32 | Post Nut Clarity · wall_segment Palisade Wall x8 |
| 4:44 | ADominio · wall_segment Palisade Wall x1 |
| 7:29 | Post Nut Clarity · wall_segment Palisade Wall x1 |
| 8:01 | Post Nut Clarity · wall_segment Palisade Wall x1 |
| 8:11 | Post Nut Clarity · wall_segment Palisade Wall x1 |
| 15:49 | Post Nut Clarity · first_building Barracks |
| 17:50 | Post Nut Clarity · age_up feudal |
| 17:58 | Post Nut Clarity · first_building Archery Range |
| 18:07 | ADominio · age_up feudal |
| 22:18 | ADominio · first_market_buy 100 stone |
| 26:20 | Post Nut Clarity · first_market_buy 100 stone |
| 28:05 | Post Nut Clarity · age_up castle |
| 29:26 | ADominio · wall_segment Palisade Wall x1 |
| 29:27 | ADominio · wall_segment Palisade Wall x1 |
| 29:29 | ADominio · wall_segment Palisade Wall x1 |
| 30:24 | ADominio · first_market_sell 100 wood |
| 32:57 | Post Nut Clarity · first_building Castle |
| 33:05 | ADominio · resign |
[ AI ANALYSIS · 1 CREDIT ]
What really happened in this match?
Wolo.gg analyzes every decision: build order, eco, micro, common mistakes by bracket. Personalized analysis on WhatsApp or Discord in 30 seconds.
Civ guide
Koreans
Perfil
Jugador #2740170